 Dungeon Sprint DCSS version 0.18.1-6-gd335043 (webtiles) character file.

46 Groucho the Skirmisher (level 3, 0/26 HPs)
             Began as a Gargoyle Berserker on May 20, 2016.
             Was an Elder of Trog.
             Slain by a phantom (7 damage)
             ... in the Dungeon (Sprint IX: "|||||||||||||||||||||||||||||").
             The game lasted 00:00:34 (294 turns).

Groucho the Skirmisher (Gargoyle Berserker)          Turns: 294, Time: 00:00:34

Health: 0/26       AC:  5    Str: 21    XL:     3   Next: 66%
Magic:  3/3        EV: 12    Int:  7    God:    Trog [****..]
Gold:   0          SH:  0    Dex:  9    Spells: 0 memorised, 2 levels left

rFire  . . .     SeeInvis .     a - +0 mace
rCold  . . .     Gourm    .     b - +0 animal skin
rNeg   + . .     Faith    .     (no shield)
rPois  ∞         Spirit   .     (no helmet)
rElec  +         Dismiss  .     (no cloak)
rCorr  .         Reflect  .     (no gloves)
SustAt .         Harm     .     (no boots)
MR     .....     NoTele   +     (no amulet)
Stlth  +.........               (no ring)
                                (no ring)

@: exhausted, very slightly contaminated, hasted, very quick, not resistant to
hostile enchantments, very unstealthy
A: negative energy resistance 1, electricity resistance, unbreathing,
petrification resistance, rot immunity, AC +3
a: Berserk, Trog's Hand, Brothers in Arms, Burn Spellbooks, Renounce Religion


You were in the Dungeon.
You worshipped Trog.
Trog was greatly pleased with you.
You were not hungry.

You visited 1 branch

Inventory:

Hand Weapons
 a - a +0 mace (weapon)
Armour
 b - a +0 animal skin (worn)
Scrolls
 i - a scroll of blinking
Potions
 d - a potion of curing
 g - 2 potions of magic
 h - a potion of berserk rage
Comestibles
 c - a bread ration


   Skills:
 * Level 5.1 Fighting
 * Level 4.4 Maces & Flails
 * Level 4.1 Armour
 * Level 3.2 Dodging


You had 2 spell levels left.
You didn't know any spells.

Dungeon Overview and Level Annotations

Branches:
Dungeon (1/1)

Altars:
Kikubaaqudgha
Vehumet
Xom
Yredelemnul
Zin
The Shining One


Innate Abilities, Weirdness & Mutations

You are resistant to torment.
Your stone body is resilient (AC +3).
You are immune to poison.
You resist negative energy.
You are resistant to electric shocks.
You can survive without breathing.
You are immune to petrification.
You are immune to rotting.


Message History

The phantom is lightly damaged.
The phantom hits you. x2
You closely miss the phantom. The phantom hits you.
The phantom blinks!
The phantom barely misses you.
You hit the phantom.
The phantom is lightly damaged.
The phantom hits you. x2; The phantom blinks!
The phantom blinks!
The phantom hits you.
The phantom blinks!
The phantom closely misses you.
You barely miss the phantom.
The phantom is lightly damaged.
The phantom hits you.
* * * LOW HITPOINT WARNING * * *
The phantom blinks! x2
You feel yourself speed up.
Drink which item? (? for menu, Esc to quit)
You feel yourself speed up.
You are very lightly contaminated with residual magic.
The phantom hits you!
You die...

▓▓▓
▓<▓
▓.▓
▓.▓
▓.▓
▓÷▓
▓÷▓
▓W▓
▓@▓
▓.▓
▓.▓
▓'▓
▓)▓
▓)▓
▓.▓
▓.▓
▓.▓


You could see a phantom.

Vanquished Creatures
  An orc wizard (D)
  An adder (D)
  2 orcs (D)
  A hobgoblin (D)
  A bat (D)
  2 kobolds (D)
  A rat (D)
9 creatures vanquished.

Notes
Turn   | Place    | Note
--------------------------------------------------------------
     0 | D        | Groucho the Gargoyle Berserker began the quest for the Orb.
     0 | D        | Reached XP level 1. HP: 14/14 MP: 1/1
    11 | D        | Reached ** piety under Trog
   249 | D        | Noticed an orc wizard
   249 | D        | Noticed a phantom
   254 | D        | Killed an orc wizard
   254 | D        | Reached *** piety under Trog
   254 | D        | Reached skill level 4 in Fighting
   254 | D        | Reached XP level 2. HP: 20/20 MP: 2/2
   254 | D        | Reached XP level 3. HP: 25/25 MP: 3/3
   260 | D        | Reached skill level 5 in Fighting
   268 | D        | Reached **** piety under Trog
   273 | D        | Found a glowing silver altar of Zin.
   273 | D        | Found a glowing golden altar of the Shining One.
   273 | D        | Found an ancient bone altar of Kikubaaqudgha.
   273 | D        | Found a basalt altar of Yredelemnul.
   273 | D        | Found a shimmering altar of Xom.
   273 | D        | Found a radiant altar of Vehumet.
   294 | D        | Slain by a phantom

Skill      XL: |  1  2  3 |
---------------+----------+-----
Dodging        | 2 3 |  3.2
Fighting       | 4 5 |  5.1
Maces & Flails | 4 |  4.4
Armour         | 3 4 |  4.1

Action                   || total
-------------------------++-------
Melee: Mace              ||    40
Invok: Berserk           ||     1
  Use: Potion            ||     2
Armor: Animal skin       ||     6
Dodge: Dodged            ||    28
